 Dungeon Crawl Stone Soup version 0.19.0-24-gb05acd6 (webtiles) character file.

256 KarmaPolice the Charmwright (level 6, 0/63 HPs)
             Began as a Halfling Skald on Nov 20, 2016.
             Slain by an orc
             ... wielding a +0 short sword
              (1 damage)
             ... on level 3 of the Dungeon.
             The game lasted 00:07:18 (3371 turns).

KarmaPolice the Charmwright (Halfling Skald)        Turns: 3371, Time: 00:07:19

Health: 0/63       AC:  6    Str: 15 (18) XL:     6   Next: 38%
Magic:  4/9        EV: 13    Int:  9 (10) God:
Gold:   83         SH:  0    Dex: 13 (16) Spells: 3 memorised, 4 levels left

rFire  . . .     SeeInvis .     a - +0 falchion
rCold  . . .     Gourm    .     b - +0 leather armour
rNeg   . . .     Faith    .     (shield restricted)
rPois  .         Spirit   .     (no helmet)
rElec  .         Reflect  .     (no cloak)
rCorr  .         Harm     .     n - +1 pair of gloves
MR     .....                    s - +0 pair of boots
Stlth  ..........               (no amulet)
                                (no ring)
                                (no ring)

@: berserking, singing (expiring), very quick
A: mutation resistance 1
a: Stop Singing


You were on level 3 of the Dungeon.
You were hungry.

You visited 1 branch of the dungeon, and saw 3 of its levels.

You collected 83 gold pieces.

Inventory:

Hand Weapons
 a - a +0 falchion (weapon)
Armour
 b - a +0 leather armour (worn)
 n - a +1 pair of gloves (worn)
 s - a +0 pair of boots (worn)
Jewellery
 h - an uncursed amulet of the gourmand {unknown}
 i - an uncursed ring of ice {unknown}
Scrolls
 f - a scroll of noise {unknown}
 l - 2 scrolls of amnesia {unknown}
 m - a scroll of blinking {unknown}
 q - a scroll of immolation {unknown}
 t - 2 scrolls of teleportation {unknown}
Potions
 g - a potion of invisibility {unknown}
 j - a potion of haste {unknown}
 k - a potion of curing {unknown}
 o - 2 potions of degeneration
 r - a potion of ambrosia {unknown}
 u - 2 potions of brilliance {unknown}
Books
 c - a book of Battle

   Spells                             Type                      Level
   a - Infusion                       Charms                       1
   b - Shroud of Golubria             Charms/Translocation         2
   c - Song of Slaying                Charms                       2
   d - Spectral Weapon                Hexes/Charms                 3
   e - Regeneration                   Charms/Necromancy            3
Comestibles
 d - 5 bread rations
 p - 2 meat rations
 v - 2 chunks of flesh


   Skills:
 + Level 3.0 Fighting
 + Level 3.6 Long Blades
 + Level 3.3 Armour
 - Level 1.1 Dodging
 - Level 2.3 Spellcasting
 + Level 3.7 Charms


You had 4 spell levels left.
You knew the following spells:

 Your Spells              Type           Power        Failure   Level  Hunger
a - Infusion              Chrm           #...         12%         1    ##.....
b - Shroud of Golubria    Chrm/Tloc      #.........   34%         2    ###....
c - Song of Slaying       Chrm           #.......     14%         2    ###....


Dungeon Overview and Level Annotations

Branches:
Dungeon (3/15)

Altars:


Innate Abilities, Weirdness & Mutations

You are small and have problems with some larger weapons.
You are somewhat resistant to further mutation.


Message History

The orc priest is almost dead.
Your song is almost over.
The orc barely misses you. The orc wizard casts a spell at you.
The puff of frost hits you!
* * * LOW HITPOINT WARNING * * *
The orc priest casts a cantrip, but nothing happens.
You slash the orc priest!
You kill the orc priest!
The orc wizard hits you with a dagger.
* * * LOW HITPOINT WARNING * * *
The orc barely misses you.
Unknown command.
You hit the orc wizard.
The orc wizard is moderately wounded.
The orc wizard gestures wildly while chanting.
The orc wizard hits you with a rapier.
* * * LOW HITPOINT WARNING * * *
The orc hits you with a short sword.
You die...

#............###..##.####......#
#.............###.##.##
##..#..##
..[............##.....##
##......
...######........###...# ##.....
##########...#......#..##
##..#.. #...........#..#.#...#
#...#..
#...........##.#.##..###.#....
#..........goo...##...##.####.
####..)...)...##@..(.#.#..#.# #[
...[..........oo##...#.##.#.# ##
####......>....h###.....#.#.#
####.######†.# #.........#
####.# #..####........# #....#
#...###.##.....# ####.####
#.....#..##.#..##### #.)..#
###.#..#............ #.#### .
#.##.####.........


You could see 2 orc wizards, 2 orcs, a jackal and a hobgoblin.

Vanquished Creatures
  2 orc wizards (D:3)
  An orc priest (D:3)
  5 adders
  3 gnolls (D:2)
  An ooze (D:2)
  3 worms (D:2)
  3 leopard geckos
  7 orcs
  2 giant cockroaches (D:2)
  7 goblins
  10 hobgoblins
  2 jackals (D:3)
  7 kobolds
  3 ball pythons
  8 bats
  4 frilled lizards
  10 rats
78 creatures vanquished.

Notes
Turn   | Place    | Note
-------+----------+-------------------------------------------
     0 | D:1      | KarmaPolice the Halfling Skald began the quest for the Orb.
     0 | D:1      | Reached XP level 1. HP: 14/14 MP: 3/3
   148 | D:1      | Reached XP level 2. HP: 16/19 MP: 0/4
   164 | D:1      | Learned a level 2 spell: Shroud of Golubria
   724 | D:1      | Reached XP level 3. HP: 24/24 MP: 2/5
   805 | D:2      | Learned a level 2 spell: Song of Slaying
  1139 | D:2      | Reached XP level 4. HP: 24/29 MP: 3/7
  1414 | D:2      | Found a faded altar of an unknown god.
  1802 | D:2      | Reached XP level 5. HP: 35/35 MP: 2/8
  3002 | D:3      | Reached XP level 6. HP: 7/41 MP: 0/9
  3369 | D:3      | HP: 3/63 [orc wizard/puff of frost (5)]
  3371 | D:3      | HP: 1/63 [orc wizard/rapier (1)]
  3371 | D:3      | Slain by an orc

Skill      XL: |  1  2  3  4  5  6 |
---------------+-------------------+-----
Fighting       | 2 3 |  3.0
Armour         | 2 3 |  3.3
Spellcasting   | 2 |  2.3
Long Blades    | 3 |  3.6
Dodging        | |  1.1
Charms         | |  3.7

Action                   |  1- 3 |  4- 6 || total
-------------------------+-------+-------++-------
Melee: Falchion          |    77 |   187 ||   264
 Cast: Infusion          |     7 |    19 ||    26
       Song of Slaying   |     1 |     3 ||     4
       Shroud of Golubri |       |     3 ||     3
  Use: Potion            |       |     2 ||     2
 Stab: Sleeping          |     1 |       ||     1
  Eat: Chunk             |     1 |     8 ||     9
Armor: Leather armour    |    23 |    73 ||    96
Dodge: Dodged            |    58 |   141 ||   199
       Rpst.: Falchion   |    20 |    43 ||    63
